AoeStats
← SAKI

African Clearing

510292344Analyzed
2v2 RM · 1d ago on Sep 30, 2026· 26m 51s· 4 players
Game mode
Random Map
Map size
Medium (4 player)
Population
200
Speed
Normal
Resources
Standard
Victory
Conquest
Starting age
Dark Age
Ending age
Imperial Age
RankedLock teamsTeams togetherTeam positionsShared explorationLock speedFull tech treeHidden civsTurbo modeCheats
Victory
Defeat
🇬🇧 Varangians · United Kingdom
1055
+44
🇨🇿 Magyars · Czechia
1030
+16
🇨🇳 Shu · China
1126
-20
🇨🇳 Japanese · China
920
-11
Canyu
11:23 Loom
13:52 Feudal Age
14:13 Man-at-Arms
17:15 Double-Bit Axe
17:27 Arson
19:39 Horse Collar
24:17 Stone Mining
SAKI
6:00 Loom
16:08 Feudal Age
23:51 Castle Age
22:02 Fletching
22:45 Horse Collar
22:59 Gold Mining
23:47 Double-Bit Axe
23:53 Crossbowman
25:04 Bodkin Arrow
25:12 Padded Archer Armor
25:07 Bodkin Arrow
UpsideDownCumbrian
9:32 Loom
12:05 Feudal Age
12:39 Double-Bit Axe
16:08 Forging
17:58 Fletching
25:27 Castle Age
Eteus
10:10 Loom
12:31 Feudal Age
15:57 Double-Bit Axe
21:01 Castle Age
19:15 Horse Collar
20:41 Stone Mining
22:45 Scale Barding Armor
Connection lost

Rejoining the realm…

Still unreachable

The connection could not be restored.

Session expired

The server has moved on; the page needs a fresh start.